 Dungeon Crawl Stone Soup version 0.29-a0-284-gf9362112df (webtiles) character file.

Game seed: 98955588317003225

4172 chopper the Cleaver (level 10, -4/88 HPs)
             Began as a Minotaur Fighter on Mar 26, 2022.
             Was a Believer of Elyvilon.
             Slain by a sun demon (17 damage)
             ... on level 1 of the Abyss.
             The game lasted 01:28:15 (12430 turns).

chopper the Cleaver (Minotaur Fighter)             Turns: 12430, Time: 01:28:16

Health: -4/88      AC: 15    Str: 22    XL:     10   Next: 7%
Magic:  9/9        EV:  7    Int:  5    God:    Elyvilon [**....]
Gold:   385        SH:  5    Dex: 13    Spells: 9/9 levels left

rFire   . . .      SeeInvis +   l - +1 war axe (freeze)
rCold   . . .      Faith    .   c - +0 buckler
rNeg    . . .      Spirit   .   h - +0 plate armour
rPois   .          Reflect  .   (helmet restricted)
rElec   .          Harm     .   (no cloak)
rCorr   .          Rampage  .   (no gloves)
Will    +....                   n - +0 pair of boots
Stlth   ..........              (no amulet)
HPRegen 0.24/turn               u - ring of willpower
MPRegen 0.11/turn               F - ring of see invisible

@: about to teleport
A: horns 2, retaliatory headbutt, hooves 1
a: Renounce Religion, Purification, Heal Other


You were on level 1 of the Abyss.
You worshipped Elyvilon.
Elyvilon was pleased with you.
You visited 2 branches of the dungeon, and saw 10 of its levels.
You visited the Abyss 1 time.

You collected 385 gold pieces.

Inventory:

Hand Weapons
 a - a +0 war axe
 b - a +4 rapier of speed
 l - a +1 war axe of freezing (weapon)
 s - a +2 flail of holy wrath
 D - a +1 vorpal shortbow
 G - a +0 dagger of electrocution
 H - a +2 whip of electrocution
Missiles
 f - 2 silver boomerangs
 y - 10 poisoned darts (quivered)
 E - 158 stones
Armour
 c - a +0 buckler (worn)
 h - a +0 plate armour (worn)
 j - an orb of light
 n - a +0 pair of boots (worn)
Jewellery
 u - a ring of willpower (left hand)
 F - a ring of see invisible (right hand)
Wands
 k - a wand of mindburst (4)
 q - a wand of acid (6)
Scrolls
 e - a scroll of enchant weapon
 g - 3 scrolls of teleportation
 i - a scroll of fear
 v - a scroll of immolation
 x - a scroll of magic mapping
 z - a scroll of fog
 A - a scroll of amnesia {unknown}
 B - 2 scrolls of blinking {unknown}
 J - a scroll of enchant armour {unknown}
Potions
 d - 3 potions of might
 p - 2 potions of curing


   Skills:
 + Level 7.8 Fighting
 + Level 11.4 Axes
 + Level 1.6 Throwing
 + Level 9.7 Armour
 + Level 2.2 Dodging
 + Level 0.7 Stealth
 + Level 7.0 Shields
 + Level 0.6 Evocations


You had 9 spell levels left.
You didn't know any spells.
Your spell library contained the following spells:

 Spells                   Type           Power      Damage    Failure   Level
 Magic Dart               Conj           0%         1d3       100%        1
 Corpse Rot               Necr/Air       0%         N/A       100%        2
 Ensorcelled Hibernation  Hex/Ice        0%         N/A       100%        2
 Passwall                 Tmut/Erth      0%         N/A       100%        2
 Poisonous Vapours        Pois/Air       0%         N/A       100%        2
 Searing Ray              Conj           0%         2d4       100%        2
 Swiftness                Air            0%         N/A       100%        3
 Fulminant Prism          Conj/Hex       0%         3d6       100%        4


Dungeon Overview and Level Annotations

Branches:
Dungeon (9/15)             Temple (1/1) D:5
   Lair: D:8-11         Orc: D:9-12

Altars:
Ashenzari
Cheibriados
Dithmenos
Elyvilon
Gozag
Kikubaaqudgha
Nemelex Xobeh
Ru
Sif Muna
Uskayaw
Vehumet
Wu Jian
Xom
Yredelemnul
Zin
The Shining One

Shops:
D:6 *

Annotations:
D:8 3 runed translucent doors, Erolcha; siradein's ghost, novice GrHu


Innate Abilities, Weirdness & Mutations

You have a pair of horns on your head.
You reflexively headbutt those who attack you in melee.
You have large cloven feet.


Message History

The tentacled starspawn bites you!
The tentacled starspawn tentacle-slaps you but does no damage.
You puncture the tentacled starspawn! You headbutt the tentacled starspawn.
The tentacled starspawn is heavily damaged.
The tentacled starspawn bites you.
The tentacled starspawn tentacle-slaps you!
Your +1 war axe of freezing glows with a cold blue light!
l - a +1 war axe of freezing (weapon)
The tentacled starspawn bites you!!
* * * LOW HITPOINT WARNING * * *
The tentacled starspawn barely misses you.
You slash the tentacled starspawn! You freeze the tentacled starspawn.
You headbutt the tentacled starspawn!
The tentacled starspawn is almost destroyed.
The tentacled starspawn bites you!
* * * LOW HITPOINT WARNING * * *
You block the tentacled starspawn's attack.
You hit the tentacled starspawn. You freeze the tentacled starspawn.
The tentacled starspawn is almost destroyed.
You hit the tentacled starspawn. You freeze the tentacled starspawn.
The tentacled starspawn is almost destroyed.
You slash the tentacled starspawn! You freeze the tentacled starspawn.
You destroy the tentacled starspawn!
That felt strangely unrewarding.
The starspawn's tentacles wither and die.
There is an empty arch of ancient stone here.
You start resting.
A sun demon comes into view.
Okay, then.
As you read the scroll of teleportation, it crumbles to dust.
You feel strangely unstable.
You feel the power of the Abyss delaying your translocation!
The sun demon shouts!
As you read the scroll of identify, it crumbles to dust.
z - a scroll of fog A ynoxinul comes into view.
You closely miss the sun demon.
The ynoxinul bellows!
The sun demon hits you!
You die...

#.# #3#
#∩# #.#
#.# #.#
#.# #3##
#.@#
#..#
#..#§#
#....##.
##.### #
# ####


You could see a sun demon and a ynoxinul.

Vanquished Creatures
  A tentacled starspawn (Abyss:1)
  A cyclops (D:8)
  Maurice (D:7)
  An unseen horror (D:8)
  A hellwing (Abyss:1)
  2 trolls (D:7)
  A wyvern (D:8)
  Eustachio (D:4)
  A steam dragon (D:7)
  An orc warrior (D:6)
  2 ice beasts (D:6)
  2 sky beasts (D:6)
  2 centaurs
  3 phantoms
  3 kobold brigands
  A bullfrog (D:6)
  A gnoll sergeant (D:8)
  A scorpion (D:5)
  5 wights
  5 killer bees (D:6)
  A howler monkey (D:6)
  A jelly (D:5)
  Crazy Yiuf (D:3)
  4 orc priests
  A gnoll shaman (D:6)
  3 iguanas
  4 orc wizards
  6 gnolls
  6 adders
  A shadow imp (D:5)
  2 white imps
  2 worms
  5 dart slugs
  29 orcs
  6 ball pythons
  4 bats
  6 endoplasms
  2 giant cockroaches
  9 goblins
  9 hobgoblins
  18 kobolds
  5 quokkas
  2 frilled lizards
  8 rats
171 creatures vanquished.

Vanquished Creatures (others)
  An orc wizard (D:4)
  5 plants
  4 starspawn tentacles (Abyss:1)
10 creatures vanquished.

Grand Total: 181 creatures vanquished

Notes
Turn   | Place    | Note
-------+----------+-------------------------------------------
     0 | D:1      | chopper the Minotaur Fighter began the quest for the Orb.
     0 | D:1      | Reached XP level 1. HP: 19/19 MP: 0/0
    90 | D:1      | Reached XP level 2. HP: 26/27 MP: 1/1
   508 | D:1      | Reached XP level 3. HP: 33/33 MP: 2/2
   685 | D:2      | Reached skill level 3 in Axes
   929 | D:2      | Reached XP level 4. HP: 40/40 MP: 3/3
  1386 | D:3      | Identified the +5 trident "Orb Guardian's Death" {pain, rN+
                  | Will+}
  2370 | D:3      | Found a runed translucent door.
  2371 | D:3      | Noticed Crazy Yiuf
  2377 | D:3      | Killed Crazy Yiuf
  2378 | D:3      | Reached XP level 5. HP: 36/47 MP: 4/4
  2566 | D:4      | Reached skill level 1 in Dodging
  2643 | D:4      | Reached skill level 4 in Axes
  2974 | D:4      | Noticed Eustachio
  3261 | D:4      | Killed Eustachio
  3262 | D:4      | Reached skill level 5 in Fighting
  3262 | D:4      | Reached skill level 5 in Armour
  3262 | D:4      | Reached XP level 6. HP: 38/56 MP: 5/5
  3565 | D:4      | Reached skill level 5 in Axes
  3565 | D:4      | Reached skill level 5 in Shields
  3731 | D:5      | Entered Level 5 of the Dungeon
  4193 | D:4      | Reached XP level 7. HP: 59/61 MP: 6/6
  4367 | D:5      | Found a basalt altar of Yredelemnul.
  4379 | D:5      | Found a shadowy altar of Dithmenos.
  4844 | D:5      | Found a staircase to the Ecumenical Temple.
  4869 | D:5      | Reached skill level 6 in Axes
  5082 | Temple   | Entered the Ecumenical Temple
  5309 | Temple   | Became a worshipper of Elyvilon the Healer
  5580 | D:6      | Reached skill level 7 in Axes
  5689 | D:6      | Reached XP level 8. HP: 63/70 MP: 7/7
  5771 | D:6      | Found Woin's General Store.
  5845 | D:6      | Reached skill level 8 in Axes
  6481 | D:6      | Reached skill level 9 in Axes
  6893 | D:7      | Reached * piety under Elyvilon
  7904 | D:6      | Reached skill level 10 in Axes
  7904 | D:6      | Reached XP level 9. HP: 52/78 MP: 8/8
  8299 | D:7      | Noticed a troll
  8311 | D:7      | Killed a troll
  8877 | D:8      | Noticed Maurice
  9320 | D:7      | Killed Maurice
 10098 | D:8      | Reached skill level 11 in Axes
 10483 | D:8      | Gained mutation: You have large cloven feet. [potion of
                  | mutation]
 10563 | D:8      | Noticed a cyclops
 10563 | D:8      | Noticed an unseen horror
 10565 | D:8      | Noticed a troll
 10708 | D:8      | Killed an unseen horror
 10731 | D:7      | Killed a troll
 10732 | D:7      | Reached skill level 1 in Throwing
 10832 | D:8      | Killed a cyclops
 10833 | D:8      | Reached XP level 10. HP: 67/88 MP: 9/9
 11515 | D:8      | Reached ** piety under Elyvilon
 11566 | D:8      | Found a runed translucent gate.
 11566 | D:8      | Found a runed translucent gate.
 11566 | D:8      | Found a runed translucent gate.
 11568 | D:8      | Noticed a ten-headed hydra
 11568 | D:8      | Noticed siradein's ghost (novice GrHu)
 11568 | D:8      | Noticed a nine-headed hydra
 11693 | D:9      | Noticed Erolcha
 12147 | D:8      | Cast into level 1 of the Abyss (Erolcha)
 12375 | Abyss:1  | Noticed a tentacled starspawn
 12403 | Abyss:1  | Killed a tentacled starspawn
 12423 | Abyss:1  | Noticed a sun demon
 12430 | Abyss:1  | Slain by a sun demon

Illustrated notes

Levels and vault maps discovered:
D:1:      amcnicky_arrival_flooded_fountain, layout_rooms
D:2:      layout_rooms, serial_bayou_pond_b
D:3:      minmay_skewed_foursquare, layout_basic, uniq_crazy_yiuf_cottage
D:4:      layout_rooms, uniq_eustachio
D:5:      layout_loops_corners, minitemple, jmf_multi_god_temple,
          minmay_temple_entry_statues_fountains
D:6:      layout_basic, serial_shops, nicolae_shop_waterfront
D:7:      layout_cave_pools
D:8:      minmay_blocky_corners, layout_loops_ring, gammafunk_ghost_hydra_chop,
          uniq_maurice
D:9:      layout_long_grid, mainiacjoe_overflow_24_doors, amcnicky_altar_gilded,
          erik_orc_1, uniq_erolcha
Temple:   jpeg_temple_clearing
Abyss:1:  base: D:8, grunt_abyss_exit_deep_breaths

Skill      XL: |  1  2  3  4  5  6  7  8  9 10 |
---------------+-------------------------------+-----
Armour         | 4 5 6 7 9 |  9.7
Axes           | 3 4 5 7 10 11 | 11.4
Fighting       | 4 5 6 7 |  7.8
Shields        | 4 5 6 7 |  7.0
Dodging        | 1 2 |  2.2
Throwing       | 1 |  1.6
Stealth        | |  0.7
Evocations     | |  0.6

Action                   |  1- 3 |  4- 6 |  7- 9 | 10-12 || total
-------------------------+-------+-------+-------+-------++-------
Melee: War axe           |    66 |   144 |   229 |    23 ||   462
       Headbutt          |     9 |    18 |    41 |    18 ||    86
       Rapier            |       |       |       |    31 ||    31
Throw: Dart              |       |       |    19 |     4 ||    23
Invok: Purification      |       |       |       |     1 ||     1
Evoke: Wand              |       |       |     3 |     6 ||     9
  Use: Scroll            |       |     9 |     2 |     4 ||    15
       Potion            |       |     1 |     7 |       ||     8
Armor: Scale mail        |     8 |       |       |       ||     8
       Plate armour      |    35 |   160 |   174 |    49 ||   418
Dodge: Dodged            |    26 |    75 |    99 |    30 ||   230
Block: Buckler           |    22 |    54 |    60 |    20 ||   156

Table legend: (Time is in decaauts)
 A = Elapsed time spent in this place.
 B = Non-inter-level travel time spent in this place.
 C = Inter-level travel time spent in this place.
 D = Time resting spent in this place.
 E = Time spent auto-exploring this place.
 F = Levels seen in this place.
 G = Mean time per level.
                   A        B        C        D        E       F      G
               +--------+--------+--------+--------+--------+-----+--------+
         Total |  12515 |  12515 |      0 |   4666 |      0 |  11 | 1137.7 |
       Dungeon |  11988 |  11988 |      0 |   4493 |      0 |   9 | 1332.0 |
        Temple |    249 |    249 |      0 |      0 |      0 |   1 |  249.0 |
         Abyss |    277 |    277 |      0 |    173 |      0 |   1 |  277.0 |
               +--------+--------+--------+--------+--------+-----+--------+

Top non-repeatable levels by time:
     D:6: 2577 daAuts
     D:7: 2422 daAuts
     D:8: 1799 daAuts
     D:3: 1426 daAuts
     D:5: 1250 daAuts
     D:4: 1204 daAuts
     D:1: 696 daAuts
     D:2: 604 daAuts
 Abyss:1: 277 daAuts
  Temple: 249 daAuts
     D:9: 6 daAuts
